 Dungeon Crawl Stone Soup version 0.15-a0-1439-g2e54579 (console) character file.

80174 Felid the Nimble (level 14, 0/91 HPs)
             Began as a Felid Fighter on June 12, 2014.
             Was the Champion of Cheibriados.
             Slain by the 27-headed Lernaean hydra (1 damage)
             ... on Level 5 of the Swamp.
             The game lasted 02:03:03 (11747 turns).

Felid the Nimble (Felid Fighter)                   Turns: 11747, Time: 02:03:04

HP   0/91        AC 29     Str 35      XL: 14   Next: 82%
MP  20/34        EV 25     Int 28      God: Cheibriados [******]
Gold 1421        SH  0     Dex 28      Spells:  7 memorised,  0 levels left
Lives: 0, deaths: 4

rFire  . . .     SeeInvis +       - Unarmed
rCold  . . .     Clarity  .     (armour unavailable)
rNeg   + . .     rCorr    .     (shield unavailable)
rPois  +         rRot     +     (helmet unavailable)
rElec  +         Spirit   .     (cloak unavailable)
SustAb .         Warding  .     (gloves unavailable)
rMut   .         Stasis   .     (boots unavailable)
Gourm  .                        (no amulet)
MR     ++...                    l - ring of wizardry
                                i - +3,+6 ring of slaying

@: statue-form, stone skin, flying, very slow, very resistant to hostile
enchantments, unstealthy
A: paw claws, no armour, no weapons or thrown items, fangs 3, see invisible,
breathe flames 1, carnivore 3, clever 1, (speed 0), (shaggy fur 0), slow
metabolism 1, strong 1, jump 3
a: Jump Attack, End Transformation, Bend Time, Temporal Distortion, Slouch, Step
From Time, Renounce Religion, Breathe Fire
}: 1/15 runes: gossamer


You were on level 5 of the Swamp.
You worshipped Cheibriados.
Cheibriados was exalted by your worship.
You were full.
You were a stone statue.
You visited 5 branches of the dungeon, and saw 31 of its levels.
You also visited: Ice Cave.

You collected 1421 gold pieces.

Inventory:

Magical devices
 r - a wand of enslavement (7)
 y - a wand of slowing (5)
 C - a wand of polymorph (16)
 E - a wand of enslavement (17)
 F - a wand of frost (16)
 J - a wand of paralysis (5)
 L - a wand of teleportation (3)
 P - a wand of confusion (8)
 Q - a wand of paralysis (6)
 V - a wand of digging (7)
Comestibles
 d - 9 meat rations
 f - 7 royal jellies
 o - 9 beef jerkies
 u - 5 slices of pizza
Scrolls
 g - 6 scrolls of enchant armour
 h - 9 scrolls of remove curse
 k - a scroll of magic mapping
 m - 3 scrolls of immolation
 p - a scroll of silence
 s - 2 scrolls of fog
 D - 2 scrolls of fear
 H - 3 scrolls of teleportation
 I - a scroll of vulnerability
 S - a scroll of torment {unknown}
 W - a scroll of brand weapon {unknown}
Jewellery
 i - a +3,+6 ring of slaying (left paw)
 l - a ring of wizardry (right paw)
 M - an uncursed ring of positive energy
Potions
 b - 9 potions of curing
 c - 3 potions of restore abilities
 j - 4 potions of brilliance
 n - 3 potions of mutation
 t - a potion of flight
 v - a potion of cure mutation {unknown}
 w - 3 potions of agility {unknown}
 z - a potion of beneficial mutation {unknown}
 A - 3 potions of heal wounds
 G - 2 potions of haste
 K - a potion of magic {unknown}
 O - a potion of might
Books
 e - a book of the Earth

   Spells                             Type                      Level
   Leda's Liquefaction                Hexes/Earth                  4
   Bolt of Magma                      Conjuration/Fire/Earth       5
   *Statue Form                       Transmutation/Earth          6
   Iron Shot                          Conjuration/Earth            6
   Shatter                            Earth                        9
 q - a book of Power

   Spells                             Type                      Level
   Fulminant Prism                    Conjuration/Hexes            4
   Iskenderun's Mystic Blast          Conjuration                  4
   Venom Bolt                         Conjuration/Poison           5
   Bolt of Magma                      Conjuration/Fire/Earth       5
   Iron Shot                          Conjuration/Earth            6
   Orb of Destruction                 Conjuration                  7
 N - a book of Geomancy

   Spells                             Type                      Level
   Sandblast                          Earth                        1
   *Stoneskin                         Transmutation/Earth          2
   Passwall                           Transmutation/Earth          3
   Stone Arrow                        Conjuration/Earth            3
   Petrify                            Transmutation/Earth          4
   Lee's Rapid Deconstruction         Earth                        5
 T - a book of Transfigurations

   Spells                             Type                      Level
   *Stoneskin                         Transmutation/Earth          2
   *Ice Form                          Ice/Transmutation            4
   *Statue Form                       Transmutation/Earth          6
   *Dragon Form                       Transmutation                7
Miscellaneous
 a - a disc of storms
 x - a phial of floods (inert)
 B - a plain deck of changes
 R - a box of beasts
 U - a box of beasts


   Skills:
 - Level 13.2 Fighting
 - Level 13.3 Dodging
 - Level 11.2 Unarmed Combat
 - Level 10.0 Spellcasting
 - Level 6.0 Hexes
 + Level 3.2 Charms
 - Level 13.0 Transmutations
 + Level 3.6 Air Magic
 - Level 10.1 Earth Magic
 - Level 10.5 Invocations


You couldn't memorise any spells.
You knew the following spells:

 Your Spells              Type           Power        Failure   Level  Hunger
a - Statue Form           Trmt/Erth      ######....   2%          6    #####..
b - Flight                Chrm/Air       ####......   1%          3    None
c - Ice Form              Ice/Trmt       ######....   1%          4    None
d - Silence               Hex/Air        #####.....   7%          5    ###....
e - Deflect Missiles      Chrm/Air       ####......   82%         6    #####..
f - Stoneskin             Trmt/Erth      ######....   1%          2    None
g - Dragon Form           Trmt           ######....   7%          7    ######.


Dungeon Overview and Level Annotations

Branches:
Dungeon (12/15)            Temple (1/1) D:6             Orc (0/4) D:9
   Lair (8/8) D:11          Swamp (5/5) Lair:3       Spider (5/5) Lair:3
  Slime (0/6) Lair:7

Altars:
Ashenzari
Cheibriados
Dithmenos
Fedhas
Gozag
Kikubaaqudgha
Makhleb
Nemelex Xobeh
Okawaru
Qazlal
Sif Muna
Trog
Vehumet
Xom
Yredelemnul
The Shining One
Jiyva

Shops:
D:10 [

Annotations:
D:11 Grum; Herrn's ghost, powerful DsFi
Lair:6 exclusion: 3 oklob plants
Swamp:5 Lernaean hydra


Innate Abilities, Weirdness & Mutations

You cannot wear armour.
You are incapable of wielding weapons or throwing items.
Your paws have sharp claws.*
You have razor-sharp teeth.*
You have supernaturally acute eyesight.
You are carnivorous and can eat meat at any time.
((You cover ground quickly.))*
((Your thick and shaggy fur keeps you warm (AC +3, rC+).))*
You have a slow metabolism.
You can jump attack at a long distance.
You can breathe flames.
Your mind is acute. (Int +2)
Your muscles are strong. (Str +2)


Message History

The 27-headed Lernaean hydra completely misses you.
The 27-headed Lernaean hydra misses you.
The 27-headed Lernaean hydra bites you but does no damage.
You scratch the 27-headed Lernaean hydra.
You bite the 27-headed Lernaean hydra!
The 27-headed Lernaean hydra is heavily wounded.
The 27-headed Lernaean hydra bites you but does no damage. x2
The 27-headed Lernaean hydra completely misses you.
The 27-headed Lernaean hydra closely misses you.
The 27-headed Lernaean hydra bites you.
* * * LOW HITPOINT WARNING * * *
The 27-headed Lernaean hydra bites you!
* * * LOW HITPOINT WARNING * * *
The 27-headed Lernaean hydra bites you but does no damage.
The 27-headed Lernaean hydra bites you!
* * * LOW HITPOINT WARNING * * *
The 27-headed Lernaean hydra barely misses you.
The 27-headed Lernaean hydra bites you but does no damage. x3
The 27-headed Lernaean hydra bites you.
You die...

#.....#≈≈≈....#.....#
#..[..#≈(%≈.8.#.....#
#.....#≈.....≈#!....#
♣##....'.(..≈(.+....##
♣≈####'#.P.....#'####≈♣
♣♣≈.≈.....(..≈8...≈...≈♣
♣.≈#...8P8...P.(≈(.8..≈♣
♣≈≈...≈.P.≈≈.P..P.P....♣
♣.≈....(P..≈.⌠8..≈PP..#.♣
♣≈{..≈...≈....D.......+ ♣
♣ ♣≈≈≈.≈8.(.8..w≈§8.(...#
≈♣≈≈≈§.≈.≈...8.P.8≈...≈≈#
i.♣♣♣≈#.#..#.......#'####
§§§%≈(#.P....8...8.'...
§≈§D≈.......≈.≈..≈≈#...
§§≈.≈#.≈.P ≈(...(.#.
♣.≈≈≈.≈... ≈..


You could see the 27-headed Lernaean hydra (bleeding) and a giant leech.

Vanquished Creatures
  Arachne (Spider:4)
  Agnes (Swamp:1)
  Frances (Swamp:4)
  A thorn hunter (Swamp:4)
  2 ghost moths
  The ghost of AvylaaBelgium the Eclecticist, a mighty DEFE of Vehumet (Spider:5)
  Donald (Spider:3)
  5 emperor scorpions
  12 hydras
  3 death yaks (Lair:4)
  3 alligators
  A spriggan (Swamp:5)
  10 swamp dragons
  15 orb spiders
  2 hill giants (D:11)
  25 wolf spiders
  3 red wasps
  3 griffons
  A cyclops (D:11)
  3 black mambas
  6 elephants (Lair:6)
  2 moths of wrath (Spider:5)
  9 spiny frogs
  A queen ant (Spider:2)
  An orange demon (Swamp:4)
  9 demonic crawlers
  8 komodo dragons
  3 fire drakes
  30 jumping spiders
  A troll (D:7)
  A polar bear (Lair:8)
  3 giant leeches
  5 ravens
  6 blink frogs
  A two-headed ogre (D:9)
  A boulder beetle (Spider:4)
  A basilisk (Lair:5)
  10 slime creatures (Swamp:2)
  12 bog bodies
  51 redbacks
  22 trapdoor spiders
  3 sharks
  21 tarantellas
  23 yaks
  5 ugly things (Swamp:3)
  17 vampire mosquitoes
  2 wyverns (Lair:6)
  A steam dragon (Lair:8)
  3 hippogriffs
  4 soldier ants (Spider:2)
  Menkaure (D:5)
  13 wolves
  5 swamp worms
  12 water moccasins
  4 wargs
  10 porcupines
  20 spiders
  A black bear (D:9)
  9 swamp drakes
  8 ice beasts
  4 sky beasts
  4 orc warriors
  A phantom (D:8)
  2 necrophages
  7 centaurs
  7 ogres
  12 crocodiles
  A big kobold (D:8)
  11 giant frogs
  8 scorpions
  An eye of draining (D:9)
  9 killer bees
  9 wights
  5 crimson imps
  8 orc priests
  5 electric eels
  A giant frog zombie (D:8)
  9 iguanas
  3 jellies
  A centaur skeleton (D:6)
  4 orange rats (Lair:7)
  6 hounds
  9 big fish
  9 orc wizards
  26 worker ants
  36 sheep
  2 ogre zombies
  A worker ant zombie (D:11)
  15 adders
  44 green rats
  A giant mite (D:3)
  12 white imps (Lair:3)
  A shadow imp (D:6)
  An adder skeleton (D:9)
  An iguana skeleton (D:6)
  6 giant geckos
  An ooze (D:1)
  35 orcs
  10 bats
  7 giant cockroaches
  3 goblins
  13 hobgoblins
  3 jackals (D:9)
  7 quokkas
  2 ball pythons
  2 giant newts
  13 kobolds
  30 rats
  A fungus (Lair:1)
848 creatures vanquished.

Vanquished Creatures (collateral kills)
  A goblin (D:5)
1 creature vanquished.

Vanquished Creatures (others)
  A water elemental (Swamp:5)
  A swamp drake (Swamp:5)
  A hobgoblin (D:6)
  2 giant spores (D:8)
  A ballistomycete (D:8)
  3 fungi (Swamp:5)
  5 toadstools (Swamp:1)
14 creatures vanquished.

Grand Total: 863 creatures vanquished

Notes
Turn   | Place    | Note
--------------------------------------------------------------
     0 | D:1      | Felid, the Felid Fighter, began the quest for the Orb.
     0 | D:1      | Reached XP level 1. HP: 10/10 MP: 2/2
   176 | D:1      | Reached XP level 2. HP: 14/14 MP: 3/3
   404 | D:2      | Reached skill level 5 in Unarmed Combat
   404 | D:2      | Reached XP level 3. HP: 13/17 MP: 5/5
   670 | D:3      | Found a glowing golden altar of the Shining One.
   885 | D:4      | Found a blossoming altar of Fedhas.
   975 | D:4      | Reached XP level 4. HP: 13/21 MP: 7/7
  1000 | D:4      | Reached skill level 6 in Unarmed Combat
  1167 | D:4      | Reached XP level 5. HP: 24/24 MP: 8/8
  1230 | D:4      | Reached skill level 7 in Unarmed Combat
  1360 | D:4      | Gained mutation: You are covered in thick fur (AC +2). [growing up]
  1360 | D:4      | Gained mutation: You can jump attack at a medium distance. [growing up]
  1360 | D:4      | Reached XP level 6. HP: 25/28 MP: 10/10
  1511 | D:5      | Entered Level 5 of the Dungeon
  1634 | D:5      | Reached skill level 8 in Unarmed Combat
  1731 | D:5      | Reached XP level 7. HP: 23/31 MP: 12/12
  1932 | D:5      | Noticed Menkaure
  1935 | D:5      | Reached skill level 9 in Unarmed Combat
  1937 | D:5      | Killed Menkaure
  1954 | D:5      | Reached skill level 10 in Unarmed Combat
  1975 | D:5      | Reached XP level 8. HP: 7/34 MP: 13/13
  1992 | D:5      | Gained mutation: Your mind is acute. (Int +2) [mutagenic meat]
  1993 | D:5      | Gained mutation: Your muscles are strong. (Str +2) [mutagenic meat]
  1994 | D:5      | Gained mutation: You can breathe flames. [mutagenic meat]
  2207 | D:6      | Found a staircase to the Ecumenical Temple.
  2218 | Temple   | Entered the Ecumenical Temple
  2246 | Temple   | Became a worshipper of Cheibriados the Contemplative
  2290 | Temple   | Learned a level 6 spell: Statue Form
  2332 | D:6      | Reached skill level 1 in Invocations
  2369 | D:6      | Reached skill level 5 in Dodging
  3022 | D:7      | Noticed a troll
  3037 | D:7      | Killed a troll
  3037 | D:7      | Reached XP level 9. HP: 5/37 MP: 10/19
  3275 | D:7      | Found an opulent altar of Gozag.
  3886 | D:8      | Reached skill level 1 in Spellcasting
  3967 | D:8      | Reached skill level 1 in Earth Magic
  4079 | D:9      | Reached skill level 1 in Transmutations
  4083 | D:9      | Reached skill level 10 in Dodging
  4401 | D:9      | Found a staircase to the Orcish Mines.
  4409 | D:9      | Acquired Cheibriados' first power
  4522 | D:9      | Reached XP level 10. HP: 15/42 MP: 22/22
  4784 | D:9      | Found an ancient bone altar of Kikubaaqudgha.
  4784 | D:9      | Found a shadowy altar of Dithmenos.
  4813 | D:10     | Entered Level 10 of the Dungeon
  4897 | D:10     | Acquired Cheibriados' second power
  4897 | D:10     | Reached skill level 5 in Invocations
  5017 | D:11     | Noticed a cyclops
  5066 | D:10     | Reached skill level 5 in Transmutations
  5222 | D:10     | Reached skill level 11 in Dodging
  5266 | D:10     | Reached skill level 5 in Earth Magic
  5297 | D:10     | Found Crymur's Antique Armour Shop.
  5322 | D:11     | Noticed a hill giant
  5329 | D:11     | Killed a hill giant
  5460 | D:11     | Noticed Grum
  5589 | D:11     | Reached XP level 11. HP: 23/45 MP: 23/23
  5703 | D:11     | Found a staircase to the Lair.
  5705 | D:11     | Noticed Herrn's ghost (powerful DsFi)
  5712 | D:11     | Slain by Herrn's ghost
  5713 | D:11     | Reached XP level 10. HP: -3/42 MP: 13/22
  5749 | D:11     | Demolished by Herrn's ghost
  5750 | D:11     | Reached XP level 9. HP: -15/37 MP: 19/21
  5880 | D:11     | Noticed a cyclops
  5915 | D:12     | Noticed a five-headed hydra
  5953 | D:11     | Noticed a hill giant
  5961 | D:11     | Killed a hill giant
  6036 | D:11     | Killed a cyclops
  6076 | Lair:1   | Entered Level 1 of the Lair of Beasts
  6112 | Lair:1   | Noticed a komodo dragon
  6118 | Lair:1   | Killed a komodo dragon
  6142 | Lair:1   | Noticed a komodo dragon
  6154 | Lair:1   | Killed a komodo dragon
  6154 | Lair:1   | Reached XP level 10. HP: 41/42 MP: 9/22
  6238 | Lair:1   | Noticed a spiny frog
  6240 | Lair:1   | Killed a spiny frog
  6307 | Lair:1   | Noticed a komodo dragon
  6318 | Lair:1   | Killed a komodo dragon
  6356 | Lair:2   | Noticed a black mamba
  6359 | Lair:2   | Killed a black mamba
  6495 | Lair:2   | Acquired Cheibriados' third power
  6598 | Lair:2   | Noticed a six-headed hydra
  6599 | Lair:2   | Noticed a five-headed hydra
  6604 | Lair:2   | Killed a five-headed hydra
  6606 | Lair:2   | Killed a six-headed hydra
  6606 | Lair:2   | Reached XP level 11. HP: 34/45 MP: 8/25
  6722 | Lair:3   | Found a frozen archway.
  6734 | IceCv    | Entered an ice cave
  6770 | IceCv    | Noticed an ice statue
  6770 | IceCv    | Noticed an ice statue
  6770 | IceCv    | Noticed an ice statue
  6836 | Lair:3   | Found a staircase to the Swamp.
  6873 | Lair:3   | Found a hole to the Spider Nest.
  7002 | Lair:4   | Reached skill level 5 in Spellcasting
  7047 | Lair:4   | Noticed a death yak
  7047 | Lair:4   | Noticed a death yak
  7047 | Lair:4   | Noticed a death yak
  7056 | Lair:4   | Killed a death yak
  7056 | Lair:4   | Reached skill level 12 in Dodging
  7059 | Lair:4   | Killed a death yak
  7061 | Lair:4   | Killed a death yak
  7061 | Lair:4   | Reached skill level 5 in Fighting
  7296 | Lair:7   | Gained mutation: Your thick and shaggy fur keeps you warm (AC +3, rC+). [growing up]
  7296 | Lair:7   | Gained mutation: You can jump attack at a long distance. [growing up]
  7296 | Lair:7   | Reached XP level 12. HP: 49/52 MP: 25/27
  7328 | Lair:8   | Entered Level 8 of the Lair of Beasts
  7528 | Lair:7   | Found a staircase to the Slime Pits.
  7529 | Lair:7   | Found a viscous altar of Jiyva.
  7731 | Lair:6   | Reached skill level 10 in Earth Magic
  8082 | Lair:8   | Noticed a four-headed hydra
  8086 | Lair:8   | Killed a four-headed hydra
  8397 | Lair:5   | Reached XP level 13. HP: 61/61 MP: 21/28
  8470 | Lair:4   | Learned a level 3 spell: Flight
  8654 | Spider:1 | Entered Level 1 of the Spider Nest
  8662 | Spider:1 | Reached skill level 1 in Air Magic
  8694 | Spider:1 | Reached skill level 1 in Charms
  8862 | Spider:2 | Reached skill level 10 in Fighting
  8870 | Spider:2 | Noticed an emperor scorpion
  8878 | Spider:2 | Killed an emperor scorpion
  8878 | Spider:2 | Reached skill level 13 in Dodging
  9024 | Spider:1 | Learned a level 4 spell: Airstrike
  9030 | Spider:1 | Learned a level 5 spell: Silence
  9056 | Spider:3 | Reached skill level 1 in Hexes
  9205 | Spider:3 | Noticed a ghost moth
  9208 | Spider:3 | Killed a ghost moth
  9263 | Spider:3 | Reached skill level 5 in Hexes
  9533 | Spider:3 | Learned a level 6 spell: Deflect Missiles
  9544 | Spider:4 | Reached XP level 14. HP: 41/67 MP: 23/30
  9546 | Spider:4 | Noticed Donald
  9548 | Spider:4 | Noticed an emperor scorpion
  9555 | Spider:3 | Killed Donald
  9679 | Spider:4 | Killed an emperor scorpion
  9814 | Spider:4 | Mangled by a wolf spider
  9815 | Spider:4 | Reached XP level 13. HP: -6/83 MP: 21/29
  9822 | Spider:4 | Noticed Arachne
  9899 | Spider:4 | Killed Arachne
  9974 | Spider:5 | Entered Level 5 of the Spider Nest
 10033 | Spider:5 | Reached skill level 10 in Transmutations
 10087 | Spider:5 | Noticed AvylaaBelgium's ghost (mighty DEFE)
 10231 | Spider:5 | Reached XP level 14. HP: 42/69 MP: 29/31
 10261 | Spider:5 | Learned a level 2 spell: Stoneskin
 10352 | Spider:5 | Killed AvylaaBelgium's ghost
 10537 | Spider:5 | Noticed a ghost moth
 10542 | Spider:5 | Noticed an emperor scorpion
 10548 | Spider:5 | Noticed an emperor scorpion
 10549 | Spider:5 | Killed a ghost moth
 10549 | Spider:5 | Reached skill level 10 in Invocations
 10552 | Spider:5 | Killed an emperor scorpion
 10555 | Spider:5 | Noticed an emperor scorpion
 10555 | Spider:5 | Killed an emperor scorpion
 10560 | Spider:5 | Killed an emperor scorpion
 10631 | Spider:5 | Got a gossamer rune of Zot
 10938 | Lair:3   | Learned a level 4 spell: Ice Form
 10939 | Swamp:1  | Entered Level 1 of the Swamp
 11110 | Swamp:1  | Noticed Agnes
 11115 | Swamp:1  | Killed Agnes
 11128 | Swamp:1  | HP: 2/89 [alligator (3)]
 11129 | Swamp:1  | Slain by an alligator
 11130 | Swamp:1  | Reached XP level 13. HP: -3/83 MP: 8/32
 11268 | Swamp:3  | Reached XP level 14. HP: 69/69 MP: 23/33
 11285 | Swamp:3  | Reached skill level 10 in Spellcasting
 11325 | Swamp:4  | Noticed Frances
 11335 | Swamp:4  | Noticed a thorn hunter
 11335 | Swamp:4  | Killed Frances
 11339 | Swamp:4  | Killed a thorn hunter
 11381 | Swamp:5  | Entered Level 5 of the Swamp
 11437 | Swamp:4  | Learned a level 7 spell: Dragon Form
 11744 | Swamp:5  | Noticed the 27-headed Lernaean hydra
 11747 | Swamp:5  | HP: 1/91 [the 27-headed Lernaean hydra (9)]
 11747 | Swamp:5  | Slain by the 27-headed Lernaean hydra

Action                   |  1- 3 |  4- 6 |  7- 9 | 10-12 | 13-15 || total
-------------------------+-------+-------+-------+-------+-------++-------
Melee: Unarmed           |    80 |    76 |   281 |   511 |   569 ||  1517
 Cast: Statue Form       |       |       |     2 |    38 |    68 ||   108
       Flight            |       |       |       |       |    21 ||    21
       Stoneskin         |       |       |       |       |    25 ||    25
       Airstrike         |       |       |       |       |     1 ||     1
       Silence           |       |       |       |       |     1 ||     1
Invok: Bend Time         |       |       |     9 |     3 |     1 ||    13
       Slouch            |       |       |       |     5 |     9 ||    14
       Temporal Distorti |       |       |       |       |     2 ||     2
 Abil: Jump Attack       |       |       |       |       |     5 ||     5
Evoke: Wand              |       |       |    14 |    24 |    26 ||    64
       Phial of floods   |       |       |       |       |     1 ||     1
  Use: Potion            |       |     2 |     5 |     1 |     1 ||     9
       Scroll            |       |       |    18 |    10 |     7 ||    35
 Stab: Sleeping          |     2 |     2 |     7 |    11 |     1 ||    23
       Distracted        |     1 |       |       |     1 |       ||     2
       Confused          |       |       |       |     1 |       ||     1
       Paralysed         |       |       |       |       |     7 ||     7
